 Dungeon Crawl Stone Soup version 0.23-a0-386-g9c9d49f (webtiles) character file.

1208 Garbasso the Firebug (level 8, 0/48 HPs)
             Began as a Gargoyle Fire Elementalist on Oct 28, 2018.
             Slain by an unseen horror (5 damage)
             ... on level 6 of the Dungeon.
             The game lasted 00:27:01 (6837 turns).

Garbasso the Firebug (Gargoyle Fire Elementalist)   Turns: 6837, Time: 00:27:02

Health: 0/48       AC: 11    Str: 11    XL:     8   Next: 45%
Magic:  11/15      EV: 13    Int: 19    God:
Gold:   75         SH:  0    Dex: 13    Spells: 3/16 levels left

rFire    . . .     SeeInvis .   f - +1 short sword (drain)
rCold    . . .     Gourm    .   (no shield)
rNeg     + . .     Faith    .   s - +1 robe of Lichog {Dex+3}
rPois    ∞         Spirit   .   l - +1 helmet
rElec    +         Reflect  .   g - +0 cloak
rCorr    .         Harm     .   (no gloves)
MR       .....                  (no boots)
Stlth    ++........             (no amulet)
HPRegen  0.16/turn              m - +1 ring of evasion
MPRegen  0.14/turn              (no ring)

@: no status effects
A: negative energy resistance 1, electricity resistance, unbreathing,
petrification resistance, rot immunity, AC +5
a: no special abilities


You were on level 6 of the Dungeon.
You were not hungry.

You visited 1 branch of the dungeon, and saw 6 of its levels.

You collected 284 gold pieces.
You spent 209 gold pieces at shops.

Inventory:

Hand Weapons
 f - a +1 short sword of draining (weapon)
Armour
 g - a +0 cloak (worn)
 l - a +1 helmet (worn)
 s - the +1 robe of Lichog (worn) {Dex+3}
   (You found it on level 5 of the Dungeon)

   It affects your dexterity (+3).
Jewellery
 m - a +1 ring of evasion (left hand)
Wands
 r - a wand of digging (10)
 v - a wand of scattershot (4)
Scrolls
 e - 3 scrolls of remove curse
 h - 2 scrolls of teleportation
 n - a scroll of immolation
 t - 2 scrolls of fear
Potions
 b - 7 potions of curing
 i - 2 potions of lignification
 j - 2 potions of agility
 k - 2 potions of flight
 o - a potion of cancellation
 p - 2 potions of haste
 q - 2 potions of heal wounds
 u - 2 potions of ambrosia {unknown}
Comestibles
 c - 10 rations


   Skills:
 + Level 4.2 Fighting
 - Level 1.5 Dodging
 - Level 2.1 Stealth
 + Level 4.8 Spellcasting
 + Level 5.3 Conjurations
 + Level 6.3 Fire Magic


You had 3 spell levels left.
You knew the following spells:

 Your Spells              Type           Power        Failure   Level  Hunger
a - Flame Tongue          Conj/Fire      ####.        1%          1    None
b - Magic Dart            Conj           ###.         1%          1    None
c - Conjure Flame         Conj/Fire      ####....     3%          3    ##.....
d - Throw Flame           Conj/Fire      ####..       1%          2    #......
e - Sticky Flame          Conj/Fire      ####....     12%         4    ####...
f - Blink                 Tloc           N/A          19%         2    #......

Your spell library contained the following spells:

 Spells                   Type           Power        Failure   Level  Hunger
 Inner Flame              Hex/Fire       ###.....     11%         3    ##.....
 Animate Skeleton         Necr           N/A          13%         1    None
 Apportation              Tloc           #.....       13%         1    None
 Confusing Touch          Hex            #.....       13%         1    None
 Summon Small Mammal      Summ           #...         13%         1    None
 Call Imp                 Summ           #.......     19%         2    #......
 Slow                     Hex            #.......     19%         2    #......
 Mephitic Cloud           Conj/Pois/Air  ##......     19%         3    ##.....
 Fireball                 Conj/Fire      ####......   32%         5    ######.


Dungeon Overview and Level Annotations

Branches:
Dungeon (6/15)
 Temple: D:4-7

Altars:
Dithmenos
Elyvilon
Kikubaaqudgha
Xom

Shops:
D:4 [   D:5 !

Annotations:
D:6 Eustachio


Innate Abilities, Weirdness & Mutations

You are resistant to torment.
Your stone body is resilient. (AC +5)
You are immune to poison.
You resist negative energy. (rN+)
You are resistant to electric shocks. (rElec)
You can survive without breathing.
You are immune to petrification.
You are immune to rotting.


Message History

Something hits you. Something completely misses you.
Casting: Flame Tongue (safe; 1% risk of failure)
Confirm with . or Enter, or press ? or * to list all spells.
Aiming: Flame Tongue (safe; 1% risk of failure)
Press: ? - help, Shift-Dir - straight line The flame tongue hits something.
Something hits you!
* * * LOW HITPOINT WARNING * * *
Something hits you.
* * * LOW HITPOINT WARNING * * *
Casting: Flame Tongue (safe; 1% risk of failure)
Confirm with . or Enter, or press ? or * to list all spells.
Aiming: Flame Tongue (safe; 1% risk of failure)
Press: ? - help, Shift-Dir - straight line The flame tongue hits something.
Something hits you.
* * * LOW HITPOINT WARNING * * *
Something hits you but does no damage. Something barely misses you.
Something hits you.
* * * LOW HITPOINT WARNING * * *
Something hits you.
You die...

######### ....{...# #.#
#.# ##### ######.##
##...##
#.....@.####.###.#
.....##..#....# #.#
####.##..#.##.###.# #.
#.....#.###(..## #.
#.......# ##.## #.
#.......# #.#
#.#####.#.....####.#
####..>..?.#.......##.#
.................#.##.#


There were no monsters in sight!

Vanquished Creatures
  A water moccasin (D:5)
  An orc warrior (D:6)
  An ice beast (D:5)
  A phantom (D:4)
  An ogre (D:4)
  2 centaurs
  A scorpion (D:5)
  2 crimson imps
  2 hounds
  A bullfrog skeleton (D:4)
  2 centaur skeletons
  4 worker ants
  Robin (D:2)
  3 gnolls (D:6)
  6 adders
  A shadow imp (D:4)
  2 oozes
  2 worms
  3 dart slugs
  3 leopard geckos
  10 orcs
  3 ball pythons
  4 giant cockroaches
  13 goblins
  8 hobgoblins
  10 jackals
  2 quokkas
  14 bats
  7 frilled lizards
  8 kobolds
  A quokka zombie (D:5)
  7 rats
127 creatures vanquished.

Notes
Turn   | Place    | Note
-------+----------+-------------------------------------------
     0 | D:1      | Garbasso the Gargoyle Fire Elementalist began the quest for
                  | the Orb.
     0 | D:1      | Reached XP level 1. HP: 10/10 MP: 3/3
   448 | D:1      | Reached XP level 2. HP: 15/15 MP: 0/5
   525 | D:1      | Learned a level 2 spell: Throw Flame
   841 | D:1      | Reached XP level 3. HP: 19/19 MP: 0/6
   948 | D:1      | Learned a level 3 spell: Conjure Flame
  1614 | D:2      | Reached skill level 4 in Fire Magic
  1614 | D:2      | Reached XP level 4. HP: 24/24 MP: 1/7
  2036 | D:2      | Noticed Robin
  2179 | D:2      | Killed Robin
  2423 | D:2      | Learned a level 2 spell: Blink
  2858 | D:2      | Reached XP level 5. HP: 28/28 MP: 5/9
  2869 | D:2      | Learned a level 1 spell: Magic Dart
  3807 | D:3      | Found a white marble altar of Elyvilon.
  3808 | D:3      | Found an ancient bone altar of Kikubaaqudgha.
  4001 | D:4      | Found a shadowy altar of Dithmenos.
  4119 | D:4      | Reached skill level 1 in Fighting
  4119 | D:4      | Reached XP level 6. HP: 34/34 MP: 5/10
  4134 | D:4      | Reached skill level 5 in Fire Magic
  4343 | D:4      | Found Jarrunaq's Antique Armour Shop.
  4400 | D:4      | Noticed a phantom
  4424 | D:4      | Killed a phantom
  4700 | D:5      | Entered Level 5 of the Dungeon
  4707 | D:5      | Reached XP level 7. HP: 40/40 MP: 5/12
  4760 | D:5      | Learned a level 4 spell: Sticky Flame
  5873 | D:5      | Found Nihoguh's Distillery.
  5883 | D:5      | Reached XP level 8. HP: 46/46 MP: 12/14
  5885 | D:5      | Bought a potion of curing for 33 gold pieces
  5885 | D:5      | Bought a potion of curing for 33 gold pieces
  5885 | D:5      | Bought a potion of heal wounds for 55 gold pieces
  5885 | D:5      | Bought a potion of cancellation for 88 gold pieces
  5927 | D:5      | Got a shimmering robe
  5938 | D:5      | Identified the +1 robe of Lichog {Dex+3} (You found it on
                  | level 5 of the Dungeon)
  5955 | D:5      | Reached skill level 6 in Fire Magic
  6256 | D:6      | Reached skill level 5 in Conjurations
  6365 | D:6      | Noticed Eustachio
  6469 | D:6      | Found a shimmering altar of Xom.
  6837 | D:6      | Slain by an unseen horror

Vault maps used:
D:1:      nicolae_arrival_somewhat_less_tricky_arrival, minmay_domino_4
D:2:      uniq_robin
D:3:      nicolae_overflow_hidden_temple, first_ration, minmay_misc_feat_five
D:4:      serial_shops, nicolae_shop_overgrown_old_shop,
          nicolae_dithmenos_shadow_blocks
D:5:      serial_shops, shop_statue, st_stairs_8
D:6:      lemuel_crystal_altar, tgw_kikubaaqudgha, uniq_blork_the_orc,
          uniq_eustachio

Skill      XL: |  1  2  3  4  5  6  7  8 |
---------------+-------------------------+-----
Conjurations   | 2 3 4 5 |  5.3
Fire Magic     | 4 5 6 |  6.3
Spellcasting   | 3 4 |  4.8
Fighting       | 1 2 3 4 |  4.2
Dodging        | |  1.5
Stealth        | |  2.1

Action                   |  1- 3 |  4- 6 |  7- 9 || total
-------------------------+-------+-------+-------++-------
Melee: Short sword       |    22 |    52 |    51 ||   125
 Cast: Flame Tongue      |    35 |    83 |    64 ||   182
       Throw Flame       |    14 |    36 |     1 ||    51
       Conjure Flame     |       |     3 |     4 ||     7
       Blink             |       |     1 |       ||     1
       Magic Dart        |       |    14 |    45 ||    59
       Sticky Flame      |       |       |    10 ||    10
Evoke: Wand              |       |       |     5 ||     5
  Use: Scroll            |       |    13 |     3 ||    16
  Eat: Chunk             |     3 |    12 |     9 ||    24
Armor: Robe              |    26 |    33 |    43 ||   102
Dodge: Dodged            |    29 |    55 |    78 ||   162

Table legend:
 A = Non-vault XP
 B = Vault XP
 C = Vault XP percentage of total XP
 D = Non-vault monster count
 E = Vault monster count
 F = Vault count percentage of total count
                 A         B        C        D         E       F
            +---------+---------+-------+---------+---------+-------
      Total |    1683 |      44 |   2.5 |     111 |      16 |  12.6
            +---------+---------+-------+---------+---------+-------
        D:1 |      65 |       4 |   5.8 |      35 |       2 |   5.4
        D:2 |      63 |      39 |  38.2 |      22 |      13 |  37.1
        D:3 |      54 |       0 |   0.0 |      19 |       0 |   0.0
        D:4 |     426 |       0 |   0.0 |      10 |       0 |   0.0
        D:5 |     701 |       1 |   0.1 |      13 |       1 |   7.1
        D:6 |     374 |       0 |   0.0 |      12 |       0 |   0.0
            +---------+---------+-------+---------+---------+-------
